 Dungeon Crawl Stone Soup version 0.16.1-4-g8e1b745 (console) character file.

100 gw the Ducker (level 4, -2/26 HPs)
             Began as a Deep Elf Artificer on Mar 28, 2015.
             Slain by a sky beast (5 damage)
             ... on level 5 of the Dungeon.
             The game lasted 00:01:34 (1268 turns).

gw the Ducker (Deep Elf Artificer)                  Turns: 1268, Time: 00:01:34

Health: -2/26      AC:  3    Str:  8    XL:     4   Next: 46%
Magic:  10/10      EV: 13    Int: 17    God:
Gold:   7          SH:  0    Dex: 16    Spells: 0 memorised, 3 levels left

rFire  . . .     SeeInvis .     a - +0 short sword
rCold  . . .     Clarity  .     e - +0 leather armour
rNeg   . . .     SustAb   .     (no shield)
rPois  .         Gourm    .     (no helmet)
rElec  .         Spirit   .     (no cloak)
rCorr  .         Warding  .     (no gloves)
rMut   .         Stasis   .     (no boots)
MR     .....                    (no amulet)
Stlth  ++........               (no ring)
                                (no ring)

@: not resistant to hostile enchantments, unstealthy
A: no striking features
a: no special abilities


You were on level 5 of the Dungeon.
You were very hungry.

You visited 1 branch of the dungeon, and saw 5 of its levels.

You collected 7 gold pieces.

Inventory:

Hand weapons
 a - a +0 short sword (weapon)
Armour
 e - a +0 leather armour (worn)
Magical devices
 b - a wand of flame (10)
 c - a wand of enslavement (13)
 d - a wand of random effects (10)
Scrolls
 g - 2 scrolls of remove curse {unknown}
 i - a scroll of identify {unknown}
Comestibles
 f - 2 bread rations
 h - a beef jerky


   Skills:
 + Level 2.0 Fighting
 * Level 2.8 Short Blades
 + Level 3.5 Dodging
 - Level 1.2 Stealth
 - Level 3.2 Evocations


You had 3 spell levels left.
You didn't know any spells.

Dungeon Overview and Level Annotations

Branches:
Dungeon (5/15)
 Temple: D:4-7

Altars:
Dithmenos


Message History

Unknown command.
Evoke which item? (* to show all) (? for menu, Esc to quit)
Zapping:
c - a wand of enslavement (14)
Press: ? - help, Shift-Dir - straight line, f - giant frog, p - phantom
Aim: a giant frog (chance 52%)
The giant frog is charmed.
This wand has 13 charges left.
Something hits you. Something shocks you.
Unknown command.
Unknown command.
Unknown command.
Unknown command.
Attempting RANGED ATTACK TO (-2,0); ATTACKING (-1,0)
You closely miss something. Something hits you. Something shocks you.
Unknown command.
Unknown command.
Unknown command.
Unknown command.
Attempting RANGED ATTACK TO (-2,0); ATTACKING (-1,0)
You closely miss something. Something hits you. Something shocks you.
You die...

. # #### ## ..# .#
#.#
.###########.######.#
.~............W{eF..#
###########.#########
#... #####


You could see a phantom and a friendly giant frog.

Table legend:
 A = Turns spent in this place as a percentage of turns spent in the entire game.
 B = Non-inter-level travel turns spent in this place as a percentage of non-inter-level travel turns spent in the entire game.
 C = Inter-level travel turns spent in this place as a percentage of turns spent in this place.
 D = Turns resting spent in this place as a percentage of non-inter-level travel turns spent in this place.
 E = Turns spent auto-exploring this place as a percentage of non-inter-level travel turns spent in this place.
 F = Non-inter-level travel turns spent in this place divided by the number of levels of this place that you've seen.
                   A       B       C       D       E      F
               +-------+-------+-------+-------+-------+----------------------
         Total | 100.0 | 100.0 |   2.5 |   2.1 |   1.2 | 421.0
       Dungeon | 100.0 | 100.0 |   2.5 |   2.1 |   1.2 | 421.0
               +-------+-------+-------+-------+-------+----------------------

Table legend:
 A = Kills in this place as a percentage of kills in entire the game.
 B = Kills by you in this place as a percentage of kills by you in the entire game.
 C = Kills by friends in this place as a percentage of kills by friends in the entire game.
 D = Other kills in this place as a percentage of other kills in the entire game.
 E = Experience gained in this place as a percentage of experience gained in the entire game.
 F = Experience gained in this place divided by the number of levels of this place that you have seen.
                   A       B       C       D       E      F
               +-------+-------+-------+-------+-------+----------------------
         Total | 100.0 | 100.0 |  -nan |  -nan | 100.0 |  28.6
       Dungeon | 100.0 | 100.0 |  -nan |  -nan | 100.0 |  28.6
               +-------+-------+-------+-------+-------+----------------------

Vanquished Creatures
  A giant frog (D:5)
  An adder skeleton (D:5)
  A giant gecko (D:3)
  An orc (D:3)
  6 hobgoblins
  3 jackals (D:1)
  A ball python (D:3)
  A giant cockroach (D:5)
  A giant gecko skeleton (D:5)
  2 giant newts
  3 goblins
  5 kobolds
  2 quokkas
  2 rats
30 creatures vanquished.

Notes
Turn   | Place    | Note
--------------------------------------------------------------
     0 | D:1      | gw, the Deep Elf Artificer, began the quest for the Orb.
     0 | D:1      | Reached XP level 1. HP: 11/11 MP: 2/2
    46 | D:1      | Reached skill level 1 in Fighting
   166 | D:1      | Reached XP level 2. HP: 16/16 MP: 5/5
   323 | D:2      | Found a shadowy altar of Dithmenos.
   839 | D:5      | Entered Level 5 of the Dungeon
  1011 | D:5      | Reached XP level 3. HP: 16/20 MP: 7/7
  1194 | D:5      | Noticed a phantom
  1206 | D:5      | Noticed a giant frog
  1208 | D:5      | Killed a giant frog
  1208 | D:5      | Reached XP level 4. HP: 18/26 MP: 10/10
  1218 | D:5      | Noticed a sky beast
  1265 | D:5      | Noticed a giant frog
  1268 | D:5      | Slain by a sky beast

Action                   |  1- 3 |  4- 6 || total
-------------------------+-------+-------++-------
Melee: Short sword       |   128 |     4 ||   132
Evoke: Wand              |     8 |     4 ||    12

Vault maps used:
D:1:      lemuel_arrival_lava_pool, serial_forest,
          infiniplex_forest_clump_curved, infiniplex_forest_lined_3,
          infiniplex_forest_straight_2, infiniplex_forest_lined_room_2,
          infiniplex_forest_clump_tiny, infiniplex_forest_corner_1,
          infiniplex_forest_lined_4_way, infiniplex_forest_end_1,
          infiniplex_forest_lined_3, minmay_unequal
D:2:      tso_oasis_becter, nicolae_overflow_hidden_temple, first_bread,
          nicolae_gozag_cash_rules_everything_around_me, uniq_iyjb
D:3:      lemuel_upstairs_altar, st_stairs_3, grunt_ministairs_14
D:4:      led_sif_book, old_standard_altar, minmay_temple_entry_purple_smoke,
          enter_ossuary_4, gup_sewer_entry_pipe, serial_co_window_serial,
          co_window_paths_a, co_window_paths_b, co_window_paths_a,
          co_window_of_opportunity_a, co_window_of_opportunity_a,
          co_window_of_opportunity_b, co_window_broadway_b,
          co_window_of_opportunity_c, co_window_unsneaky_path_b,
          co_window_4corner_a, glass_columns_a, glass_columns_a,
          glass_columns_b, glass_columns_c, glass_columns_b
